 Dungeon Crawl Stone Soup version 0.23.1 (webtiles) character file.

Game seed: 1668689525070067952

4358 Borgoz the Cutter (level 10, -3/78 (80) HPs)
             Began as a Ghoul Enchanter on Mar 14, 2019.
             Was a Follower of Ashenzari.
             Slain by Erica
             ... wielding a +3 scimitar of flaming
              (4 damage)
             ... on level 9 of the Dungeon.
             The game lasted 00:27:16 (10310 turns).

Borgoz the Cutter (Ghoul Enchanter)                Turns: 10310, Time: 00:27:17

HP:   -3/78 (80)    AC:  8    Str: 13    XL:     10   Next: 34%
MP:   15/15         EV: 17    Int: 10    God:    Ashenzari [*.....]
Gold: 619           SH:  0    Dex: 17    Spells: 11/17 levels left

rFire    . . .     SeeInvis .   y - +0 short sword (speed)
rCold    + . .     Gourm    .   (no shield)
rNeg     + + +     Faith    .   l - +0 ring mail
rPois    ∞         Spirit   .   (no helmet)
rElec    .         Reflect  .   s - scarf {cloud immunity} (curse)
rCorr    .         Harm     .   q - +0 pair of gloves
MR       .....                  m - +0 pair of boots
Stlth    +++.......             (no amulet)
HPRegen  0.00/turn              u - +5 ring of dexterity (curse)
MPRegen  0.14/turn              i - +4 ring of evasion

@: rotting, slowed, very slow
A: rotting body, claws 1, carnivore, cold resistance 1, negative energy
resistance 3, inhibited regeneration, torment resistance, unbreathing
a: Curse Item, Scrying, Renounce Religion


You were on level 9 of the Dungeon.
You worshipped Ashenzari.
Ashenzari was aware of your devotion.
You were not hungry.

You visited 2 branches of the dungeon, and saw 10 of its levels.

You collected 619 gold pieces.

Inventory:

Hand Weapons
 r - a +0 rapier
 y - a +0 short sword of speed (weapon)
 F - a +2 war axe of distortion
 L - a cursed +2 short sword of freezing
Missiles
 a - 4 tomahawks (quivered)
Armour
 l - a +0 ring mail (worn)
 m - a +0 pair of boots (worn)
 o - the cursed +1 chain mail of Idyesolo {rElec MR- Dex+2}
   (You found it on level 8 of the Dungeon)

   It affects your dexterity (+2).
   It insulates you from electricity.
   It affects your resistance to hostile enchantments.
   It has a curse placed upon it.
 q - a +0 pair of gloves (worn)
 s - a cursed scarf of cloud immunity (worn)
 G - a +1 chain mail of cold resistance
Jewellery
 e - a +2 ring of strength
 f - an uncursed ring of stealth
 h - an uncursed ring of protection from magic
 i - a +4 ring of evasion (right hand)
 t - an uncursed ring of flight
 u - a cursed +5 ring of dexterity (left hand)
 w - an uncursed ring of ice
 B - a +4 ring of evasion
 J - an uncursed ring of ice
Wands
 v - a wand of paralysis (15)
 A - a wand of disintegration (14)
 H - a wand of random effects (24)
 K - a wand of polymorph (10)
Scrolls
 c - a scroll of amnesia {unknown}
 g - 2 scrolls of remove curse
 k - 2 scrolls of enchant armour {unknown}
 n - a scroll of teleportation
 p - 7 scrolls of enchant weapon {unknown}
 x - 3 scrolls of magic mapping
 z - a scroll of fog
 C - a scroll of noise {unknown}
 M - 2 scrolls of identify
Potions
 j - a potion of brilliance
 D - a potion of cancellation
 I - a potion of heal wounds
Comestibles
 d - 14 rations


   Skills:
 + Level 4.7 Fighting
 + Level 7.9 Short Blades
 + Level 5.0 Armour
 + Level 4.8 Dodging
 + Level 6.4 Stealth
 + Level 4.3 Spellcasting
 + Level 4.2 Hexes
 - Level 1.1 Ice Magic
 - Level 0.6 Evocations


You had 11 spell levels left.
You knew the following spells:

 Your Spells              Type           Power        Failure   Level  Hunger
a - Corona                Hex            ##.....      9%          1    #......
b - Ensorcelled Hibernat  Hex/Ice        #.....       26%         2    ##.....
c - Confuse               Hex            ##......     26%         3    ###....

Your spell library contained the following spells:

 Spells                   Type           Power        Failure   Level  Hunger
 Tukima's Dance           Hex            ##......     26%         3    ###....
 Dazzling Spray           Conj/Hex       #.....       52%         3    ###....
 Sticks to Snakes         Tmut           #.......     58%         2    ##.....
 Beastly Appendage        Tmut           Unusable     N/A         1    N/A
 Spider Form              Tmut/Pois      Unusable     N/A         3    N/A
 Ice Form                 Ice/Tmut       Unusable     N/A         4    N/A
 Blade Hands              Tmut           Unusable     N/A         5    N/A

Dungeon Overview and Level Annotations

Branches:
Dungeon (9/15)             Temple (1/1) D:4
   Lair: D:8-11         Orc: D:9-12

Altars:
Ashenzari
Cheibriados
Dithmenos
Elyvilon
Fedhas
Gozag
Hepliaklqana
Kikubaaqudgha
Makhleb
Nemelex Xobeh
Okawaru
Qazlal
Ru
Sif Muna
Trog
Uskayaw
Vehumet
Wu Jian
Xom
Yredelemnul
Zin
The Shining One

Shops:
D:5 [

Annotations:
D:9 Erica


Innate Abilities, Weirdness & Mutations

Your body is rotting away.
You thrive on raw meat.
You are immune to poison.
You have sharp fingernails.
You are carnivorous and can eat meat at any time.
Your flesh is cold resistant. (rC+)
You are immune to negative energy. (rN+++)
You do not regenerate when monsters are visible.
You are immune to unholy pain and torment.
You can survive without breathing.


Message History

An orb of energy appears from out of thin air!
The orb of energy hits you!
* * * LOW HITPOINT WARNING * * *
The orb of energy explodes!
In your confused state, you trip and fall back down the stairs.
* * * LOW HITPOINT WARNING * * *
Something hits you but does no damage.
You hear some strange, mumbled words.
You feel as though you will be slow longer.
Something hits you.
* * * LOW HITPOINT WARNING * * *
Something burns you.
* * * LOW HITPOINT WARNING * * *
In your confused state, you trip and fall back down the stairs.
* * * LOW HITPOINT WARNING * * *
You feel less confused. Something hits you!
* * * LOW HITPOINT WARNING * * *
Something burns you.
You die...

.......##....
.............
#.........#
#.........#
###.........+
#####...........#...
#...................
#.......{....###.
#......@.....###
#....(.........+
#............###...
#.........÷........
#.....#............
#.....#............
#.....##...........
...### #...........
.. ............


There were no monsters in sight!

Vanquished Creatures
  Pikel (D:8)
  A hornet (D:7)
  A hippogriff (D:7)
  2 yaks (D:8)
  The ghost of Lees the Cutter, an amateur DrBe of Trog (D:5)
  A hungry ghost (D:7)
  A steam dragon (D:8)
  Duvessa (D:7)
  2 orc warriors
  4 slaves (D:8)
  3 phantoms
  A black bear (D:6)
  A sky beast (D:5)
  An ice beast (D:6)
  2 ogres
  A centaur (D:5)
  A crocodile (D:9)
  A bullfrog (D:7)
  Dowan (D:7)
  2 scorpions
  8 wights
  A centaur zombie (D:5)
  A crimson imp (D:8)
  A bullfrog zombie (D:8)
  A jelly (D:7)
  A quasit (D:8)
  4 hounds
  5 orc priests
  A bullfrog skeleton (D:9)
  7 orc wizards
  An iguana (D:4)
  A centaur skeleton (D:6)
  6 worker ants
  A killer bee zombie (D:7)
  A worker ant zombie (D:3)
  3 gnolls (D:5)
  A howler monkey skeleton (D:6)
  11 adders
  A shadow imp (D:7)
  An adder zombie (D:6)
  An adder skeleton (D:7)
  7 worms
  2 dart slugs
  3 leopard geckos
  18 orcs
  A ball python (D:5)
  2 giant cockroaches
  10 goblins
  4 hobgoblins
  14 jackals
  15 kobolds
  A quokka (D:8)
  12 bats
  3 frilled lizards
  A leopard gecko skeleton (D:5)
  A leopard gecko zombie (D:8)
  A quokka zombie (D:6)
  5 rats
187 creatures vanquished.

Vanquished Creatures (others)
  A hound (D:5)
1 creature vanquished.

Grand Total: 188 creatures vanquished

Notes
Turn   | Place    | Note
-------+----------+-------------------------------------------
     0 | D:1      | Borgoz the Ghoul Enchanter began the quest for the Orb.
     0 | D:1      | Reached XP level 1. HP: 14/14 MP: 2/2
   119 | D:1      | Reached XP level 2. HP: 19/20 MP: 4/4
   141 | D:1      | Learned a level 2 spell: Ensorcelled Hibernation
   393 | D:1      | Reached skill level 1 in Short Blades
   556 | D:2      | Reached XP level 3. HP: 12/26 MP: 2/5
   648 | D:2      | Reached XP level 4. HP: 12/33 MP: 1/6
   824 | D:2      | Reached skill level 2 in Short Blades
   836 | D:2      | Reached XP level 5. HP: 35/39 MP: 3/7
   948 | D:2      | Reached skill level 1 in Armour
  1694 | D:2      | Reached skill level 1 in Ice Magic
  1717 | D:2      | Reached skill level 1 in Fighting
  1952 | D:3      | Reached XP level 6. HP: 42/47 MP: 8/8
  2038 | D:3      | Reached skill level 3 in Short Blades
  2156 | D:3      | Found a bloodstained altar of Trog.
  2744 | D:2      | Found a deep blue altar of Sif Muna.
  3263 | D:4      | Found a sacrificial altar of Ru.
  3328 | D:4      | Found a hazy altar of Hepliaklqana.
  3447 | D:4      | Found a staircase to the Ecumenical Temple.
  3477 | Temple   | Entered the Ecumenical Temple
  3549 | Temple   | Became a worshipper of Ashenzari the Shackled
  4101 | D:5      | Entered Level 5 of the Dungeon
  4109 | D:5      | Noticed a phantom
  4131 | D:6      | Reached XP level 7. HP: 47/52 MP: 9/9
  4136 | D:6      | Learned a level 3 spell: Confuse
  4182 | D:6      | Reached skill level 4 in Short Blades
  4600 | D:5      | Found a runed translucent gate.
  4601 | D:5      | Found a runed translucent gate.
  4601 | D:5      | Noticed Lees's ghost (amateur DrBe)
  4602 | D:5      | Found a runed translucent gate.
  4715 | D:5      | Reached skill level 5 in Short Blades
  4965 | D:5      | Reached XP level 8. HP: 61/61 MP: 11/11
  5291 | D:5      | Reached skill level 5 in Stealth
  5330 | D:5      | Reached * piety under Ashenzari
  5346 | D:5      | Found Ryjafer's Antique Armour Boutique.
  6707 | D:6      | Reached skill level 6 in Short Blades
  6846 | D:7      | Noticed a hippogriff
  6977 | D:7      | Reached XP level 9. HP: 54/66 MP: 1/12
  7225 | D:7      | Noticed Dowan
  7305 | D:7      | Killed Dowan
  7310 | D:7      | Noticed Duvessa
  7318 | D:7      | Killed Duvessa
  7434 | D:7      | Found a shadowy altar of Dithmenos.
  7512 | D:7      | Noticed a hornet
  7561 | D:7      | Killed a hornet
  7561 | D:7      | Reached skill level 7 in Short Blades
  7931 | D:7      | Found a deep blue altar of Sif Muna.
  7969 | D:7      | Found an ornate altar of the Wu Jian Council.
  8237 | D:7      | Found a stormy altar of Qazlal.
  8553 | D:8      | Noticed Pikel
  8742 | D:8      | Found a sparkling altar of Nemelex Xobeh.
  8939 | D:8      | Killed Pikel
  8939 | D:8      | Reached XP level 10. HP: 37/80 MP: 6/15
  8948 | D:8      | Got the cursed chain mail of Idyesolo {rElec MR- Dex+2}
  9101 | D:8      | Found a shimmering altar of Xom.
  9186 | D:8      | Found a shadowy altar of Dithmenos.
  9649 | D:5      | Killed Lees's ghost
  9649 | D:5      | Reached skill level 5 in Armour
  9988 | D:9      | Noticed Erica
 10310 | D:9      | HP: 1/78 [something (9)]
 10310 | D:9      | Slain by Erica

Skill      XL: |  1  2  3  4  5  6  7  8  9 10 |
---------------+-------------------------------+-----
Spellcasting   | 2 3 4 |  4.3
Short Blades   | 1 2 3 5 6 7 |  7.9
Dodging        | 2 3 4 |  4.8
Stealth        | 4 5 6 |  6.4
Armour         | 1 2 3 4 5 |  5.0
Ice Magic      | 1 |  1.1
Fighting       | 1 2 4 |  4.7
Hexes          | 3 4 |  4.2
Evocations     | |  0.6

Action                   |  1- 3 |  4- 6 |  7- 9 | 10-12 || total
-------------------------+-------+-------+-------+-------++-------
Melee: Dagger            |    88 |    87 |       |       ||   175
       Short sword       |       |   305 |   784 |    93 ||  1182
 Cast: Ensorcelled Hiber |     2 |     8 |    15 |     7 ||    32
       Confuse           |       |       |    10 |     4 ||    14
Invok: Curse Item        |       |       |     2 |       ||     2
Evoke: Wand              |       |       |    16 |     2 ||    18
  Use: Scroll            |     3 |     8 |     1 |       ||    12
       Potion            |     2 |       |    11 |     1 ||    14
 Stab: Sleeping          |     5 |    12 |    18 |     6 ||    41
       Distracted        |       |     2 |     2 |       ||     4
       Paralysed         |       |       |     3 |       ||     3
       Confused          |       |       |     2 |       ||     2
  Eat: Chunk             |     4 |    21 |    44 |     4 ||    73
Armor: Robe              |     5 |       |       |       ||     5
       Ring mail         |    15 |   156 |   132 |    11 ||   314
Dodge: Dodged            |    47 |   293 |   453 |    38 ||   831
